 Dungeon Crawl Stone Soup version 0.30.1-10-g1249ef9ec4 (webtiles) character file.

Game seed: 17763780367720718282

35 lonewolfV2 the Covered (level 3, -8/29 HPs)
             Began as a Demonspawn Fighter on Oct 27, 2023.
             Mangled by a hobgoblin
             ... wielding a +0 glaive
              (13 damage)
             ... on level 2 of the Dungeon.
             The game lasted 00:01:26 (1330 turns).

lonewolfV2 the Covered (Demonspawn Fighter)         Turns: 1330, Time: 00:01:27

Health: -8/29      AC:  6    Str: 18    XL:     3   Next: 17%
Magic:  3/3        EV:  9    Int:  9    God:
Gold:   38         SH:  4    Dex: 12    Spells: 2/2 levels left

rFire   . . .        a - +0 war axe
rCold   . . .        c - +0 buckler
rNeg    . . .        b - +0 scale mail
rPois   .            (no helmet)
rElec   .            (no cloak)
rCorr   .            (no gloves)
SInv    .            (no boots)
Will    .....        (no amulet) Stlth
                     (no ring)
HPRegen 0.24/turn    (no ring)
MPRegen 0.08/turn

%: no passive effects
@: no status effects
A: foul stench 1
a: no special abilities


You were on level 2 of the Dungeon.
You visited 1 branch of the dungeon, and saw 2 of its levels.

You collected 38 gold pieces.

Inventory:

Hand Weapons
 a - a +0 war axe (weapon)
Armour
 b - a +0 scale mail (worn)
 c - a +0 buckler (worn)
Scrolls
 e - a scroll of teleportation {unknown}
 f - a scroll of enchant weapon {unknown}
 h - a scroll of blinking {unknown}
 i - a scroll of brand weapon {unknown}
 j - a scroll of vulnerability {unknown}
Potions
 d - 2 potions of might
 g - a potion of curing


   Skills:
 - Level 3.0 Fighting
 - Level 1.8 Axes
 + Level 3.1 Armour
 * Level 2.0 Dodging
 - Level 2.7 Shields


You had 2 spell levels left.
You didn't know any spells.
Your spell library was empty.

Dungeon Overview and Level Annotations

Branches:
Dungeon (2/15)

Altars:

Shops:
D:2 !


Innate Abilities, Weirdness & Mutations

You may rarely emit foul miasma when damaged in melee.


Message History

You kill the kobold!
Your Dodging skill increases to level 2!
Things that are here:
a +0 short sword; 4 stones; a kobold corpse
j - a scroll labelled QORAFUL IMNITUDA A dart slug comes into view.
The dart slug launches a dart at you. The slug dart misses you.
A hobgoblin comes into view. It is wielding a +0 glaive.
There are monsters nearby!
There are monsters nearby!
A hobgoblin comes into view.
The hobgoblin shouts! x2
The dart slug launches a dart at you. You block the slug dart.
A goblin comes into view. It is wielding a +0 club.
The goblin shouts!
You block the hobgoblin's attack.
You barely miss the hobgoblin. You slash the hobgoblin!
You kill the hobgoblin!
You closely miss the goblin. You block the hobgoblin's attack.
The goblin hits you but does no damage.
You hit the hobgoblin.
The hobgoblin is moderately wounded.
You hit the dart slug. You closely miss the goblin. The hobgoblin misses you.
The goblin hits you with a +0 club. x2
The hobgoblin hits you with a +0 glaive!
The dart slug bites you but does no damage.
You hit the hobgoblin but do no damage.
The hobgoblin is moderately wounded.
You hit the dart slug. You closely miss the goblin.
The hobgoblin hits you with a +0 glaive!
* * * LOW HITPOINT WARNING * * *
The goblin barely misses you. The dart slug bites you.
* * * LOW HITPOINT WARNING * * *
You closely miss the hobgoblin.
The hobgoblin is moderately wounded.
You hit the dart slug. You closely miss the goblin.
The hobgoblin hits you with a +0 glaive!
You die...

#.P........##..##.#.
#..........##..##.##
#.....P....##...#.#.
#####..........##.#.#.#.
...............##.#.....
........................
.....................##.
.....................# .
......$@...##........##.
......ggw..##....)......
...........##...........
...........##...........
...........##........##.
...........########### .
...........#
############


You could see a dart slug, a hobgoblin and a goblin.

Vanquished Creatures
  A worm (D:2)
  6 ball pythons
  2 bats (D:1)
  2 endoplasms
  2 giant cockroaches (D:1)
  2 goblins (D:1)
  4 hobgoblins
  A kobold (D:2)
  4 quokkas
  2 rats
26 creatures vanquished.

Notes
Turn   | Place    | Note
-------+----------+-------------------------------------------
     0 | D:1      | lonewolfV2 the Demonspawn Fighter began the quest for the
                  | Orb.
     0 | D:1      | Reached XP level 1. HP: 18/18 MP: 1/1
   145 | D:1      | Reached skill level 1 in Dodging
   145 | D:1      | Gained mutation: You may rarely emit foul miasma when
                  | damaged in melee. [demonic ancestry]
   145 | D:1      | Reached XP level 2. HP: 24/24 MP: 2/2
  1004 | D:2      | Found Woluic's Distillery.
  1126 | D:2      | Reached XP level 3. HP: 19/29 MP: 3/3
  1330 | D:2      | Mangled by a hobgoblin

Illustrated notes

Levels and vault maps discovered:
D:1:      minmay_arrival_jagged, layout_basic
D:2:      layout_basic, serial_shops, shop, minmay_gold_behind_fungi,
          cheibrodos_gnoll_hut, uniq_jessica

Skill      XL: |  1  2  3 |
---------------+----------+-----
Dodging        | 1 2 |  2.0
Armour         | 3 |  3.1
Fighting       | |  3.0
Axes           | |  1.8
Shields        | |  2.7

Action                     || total
---------------------------++-------
  Melee: War axe           ||    85
    Use: Scroll            ||     4
 Armour: Scale mail        ||    39
  Dodge: Dodged            ||    41
  Block: Buckler           ||    23
